 Dungeon Crawl Stone Soup version 0.19.5 (webtiles) character file.

474 Gargoyl the Skirmisher (level 7, -6/58 (60) HPs)
             Began as a Ghoul Abyssal Knight on Mar 11, 2017.
             Was a Believer of Lugonu.
             Mangled by an ogre
             ... wielding a +0 giant club
              (14 damage)
             ... on level 4 of the Dungeon.
             The game lasted 00:08:19 (3917 turns).

Gargoyl the Skirmisher (Ghoul Abyssal Knight)       Turns: 3917, Time: 00:08:19

HP:   -6/58 (60)    AC: 13    Str: 16    XL:     7   Next: 10%
MP:   8/8           EV:  7    Int:  7    God:    Lugonu [**....]
Gold: 174           SH:  0    Dex: 10    Spells: 0 memorised, 6 levels left

rFire  . . .     SeeInvis +     a - +2 hand axe
rCold  + . .     Gourm    .     e - +0 chain mail
rNeg   + + +     Faith    .     (no shield)
rPois  ∞         Spirit   .     g - +0 helmet
rElec  .         Reflect  .     (no cloak)
rCorr  .         Harm     .     b - +1 pair of gloves
MR     .....                    (no boots)
Stlth  ..........               (no amulet)
                                (no ring)
                                l - ring of see invisible

@: rotting
A: rotting body, claws 1, carnivore 3, cold resistance 1, negative energy
resistance 3, slow regeneration 1, torment resistance, unbreathing
a: Depart the Abyss, Bend Space, Renounce Religion


You were on level 4 of the Dungeon.
You worshipped Lugonu.
Lugonu was pleased with you.
You were not hungry.

You visited 1 branch of the dungeon, and saw 4 of its levels.
You visited the Abyss 1 time.

You collected 174 gold pieces.

Inventory:

Hand Weapons
 a - a +2 hand axe (weapon)
Armour
 b - a +1 pair of gloves (worn)
 e - a +0 chain mail (worn)
 g - a +0 helmet (worn)
Jewellery
 l - a ring of see invisible (left hand)
Scrolls
 k - a scroll of amnesia
 m - 2 scrolls of teleportation
 n - 2 scrolls of identify
 q - 2 scrolls of remove curse
Comestibles
 c - 3 meat rations
 o - a slice of pizza


   Skills:
 + Level 4.4 Fighting
 + Level 3.7 Axes
 * Level 4.4 Armour
 + Level 1.3 Dodging
 * Level 3.6 Invocations


You had 6 spell levels left.
You didn't know any spells.

Dungeon Overview and Level Annotations

Branches:
Dungeon (4/15)
 Temple: D:4-7

Altars:
Dithmenos

Annotations:
D:4 flt's ghost, amateur MfIE


Innate Abilities, Weirdness & Mutations

Your body is rotting away.
You thrive on raw meat.
You are immune to poison.
You have sharp fingernails.
You are carnivorous and can eat meat at any time.
Your flesh is cold resistant. (rC+)
You are immune to negative energy. (rN+++)
You regenerate slowly when monsters are visible.
You are immune to unholy pain and torment.
You can survive without breathing.


Message History

* * * LOW HITPOINT WARNING * * *
The adder barely misses you.
Unknown command.
You aren't carrying any potions.
As you read the scroll labeled MUAMUZOISE, it crumbles to dust.
It is a scroll of recharging.
You aren't carrying any rechargeable items.
The ogre completely misses you. The adder bites you.
* * * LOW HITPOINT WARNING * * *
As you read the scroll labeled ODGHI IKKIPLA, it crumbles to dust.
You hear a loud clanging noise!
It was a scroll of noise.
The adder barely misses you. The ogre closely misses you.
As you read the scroll labeled KOCLIKHIBIY, it crumbles to dust.
It is a scroll of enchant armour.
Your +0 pair of gloves glows green for a moment.
The adder bites you.
* * * LOW HITPOINT WARNING * * *
The ogre hits you with a giant club!
You die...

.. ... ########
....
#......##....
##............
#.............
#.............
#.....@.......
#.....SO......
%..
#.............
...#
................
...#
.###............
...#
##...........
#.. ##..........
#. ##......... #
###...... #


You could see an ogre and an adder.

Vanquished Creatures
  A jelly (D:3)
  An orc priest (D:4)
  3 hounds
  2 orc wizards
  An iguana (D:4)
  2 worker ants
  Natasha (thrice) (D:3)
  A gnoll (D:2)
  3 adders
  2 oozes (D:3)
  A worm (D:3)
  3 dart slugs
  3 leopard geckos
  3 orcs
  5 bats
  4 giant cockroaches
  5 goblins
  9 hobgoblins
  6 jackals
  A quokka (D:3)
  A ball python (D:1)
  2 frilled lizards
  9 kobolds
  A rat (D:3)
72 creatures vanquished.

Notes
Turn   | Place    | Note
-------+----------+-------------------------------------------
     0 | Abyss:1  | Gargoyl the Ghoul Abyssal Knight began the quest for the Orb.
     0 | Abyss:1  | Reached XP level 1. HP: 19/19 MP: 1/1
    54 | Abyss:2  | Noticed a large abomination
    80 | D:1      | Escaped the Abyss
   396 | D:1      | Reached XP level 2. HP: 26/26 MP: 2/2
   442 | D:1      | Reached * piety under Lugonu
   578 | D:1      | Reached skill level 1 in Dodging
  1124 | D:1      | Reached XP level 3. HP: 30/32 MP: 3/3
  1698 | D:2      | Reached XP level 4. HP: 9/40 MP: 4/4
  1701 | D:2      | Reached XP level 5. HP: 6/46 MP: 5/5
  1924 | D:3      | Reached ** piety under Lugonu
  2061 | D:3      | Noticed Natasha
  2076 | D:3      | Killed Natasha
  2146 | D:3      | Noticed Natasha
  2163 | D:3      | Killed Natasha
  2260 | D:3      | Noticed Natasha
  2270 | D:3      | Killed Natasha
  2344 | D:3      | Reached XP level 6. HP: 19/52 MP: 7/7
  2846 | D:4      | Found a shadowy altar of Dithmenos.
  2846 | D:4      | Noticed flt's ghost (amateur MfIE)
  3388 | D:4      | Reached XP level 7. HP: 39/60 MP: 8/8
  3917 | D:4      | Mangled by an ogre

Skill      XL: |  1  2  3  4  5  6 |
---------------+-------------------+-----
Axes           | 2 3 |  3.7
Armour         | 2 3 4 |  4.4
Dodging        | 1 |  1.3
Fighting       | 4 |  4.4
Invocations    | 3 |  3.6

Action                   |  1- 3 |  4- 6 |  7- 9 || total
-------------------------+-------+-------+-------++-------
Melee: Hand axe          |   122 |   165 |    28 ||   315
Invok: Depart the Abyss  |     1 |       |       ||     1
       Bend Space        |       |       |     2 ||     2
  Use: Scroll            |     5 |     2 |     3 ||    10
       Potion            |     1 |     5 |       ||     6
  Eat: Chunk             |     6 |    20 |     1 ||    27
Armor: Chain mail        |    94 |   124 |    21 ||   239
Dodge: Dodged            |    53 |    57 |    20 ||   130
